 Dungeon Crawl Stone Soup version 0.25.1-2-g60ff931df9 (webtiles) character file.

Game seed: 15840562947330875287

41899 selver the Slicer (level 13, -7/111 HPs)
             Began as a White Draconian Venom Mage on Oct 27, 2020.
             Was a High Priest of Vehumet.
             Hit by a javelin thrown by a minotaur (18 damage)
             ... in a Gauntlet on Oct 28, 2020.
             The game lasted 02:01:55 (24152 turns).

selver the Slicer (White Draconian Venom Mage)     Turns: 24152, Time: 02:01:55

Health: -7/111     AC: 13    Str: 11    XL:     13   Next: 82%
Magic:  16/26      EV: 20    Int: 19    God:    Vehumet [*****.]
Gold:   716        SH: 11    Dex: 19    Spells: 1/30 levels left

rFire    . . .     SeeInvis .   o - +4 rapier (speed)
rCold    + . .     Gourm    .   f - +0 buckler
rNeg     . . .     Faith    .   (armour unavailable)
rPois    .         Spirit   .   (helmet restricted)
rElec    .         Reflect  +   (no cloak)
rCorr    .         Harm     .   p - +0 pair of gloves
MR       .....     NoTele   +   (no boots)
Stlth    ++........             C - amulet of reflection
HPRegen  0.28/turn              T - +4 ring of protection
MPRegen  0.20/turn              B - +6 ring of dexterity

@: no status effects
A: breathe frost, unfitting armour, cold resistance 1, cold-blooded, AC +8
a: Breathe Frost, Renounce Religion


You were in a Gauntlet.
You worshipped Vehumet.
Vehumet was extremely pleased with you.
You were not hungry.

You visited 3 branches of the dungeon, and saw 16 of its levels.
You also visited: Gauntlet and Ice Cave.

You collected 1150 gold pieces.
You spent 434 gold pieces at shops.

Inventory:

Hand Weapons
 a - a +2 dagger of holy wrath
 d - a +2 dagger of freezing
 o - a +4 rapier of speed (weapon)
 u - a +2 dagger of venom
 U - a +4 short sword of flaming
Missiles
 R - 48 bolts
Armour
 f - a +0 buckler (worn)
 j - a scarf of harm
 p - a +0 pair of gloves (worn)
Magical Staves
 G - an uncursed staff of summoning
 Z - an uncursed staff of earth
Jewellery
 h - an uncursed ring of ice
 i - an uncursed ring of poison resistance
 q - an uncursed ring of stealth
 r - an uncursed ring of ice
 s - an uncursed ring of see invisible
 t - an uncursed ring of protection from cold
 y - an uncursed ring of resist corrosion
 B - a +6 ring of dexterity (right hand)
 C - an amulet of reflection (around neck)
 I - an uncursed ring of protection from magic
 S - an uncursed ring of wizardry
 T - a +4 ring of protection (left hand)
Wands
 e - a wand of digging (4)
 H - a wand of disintegration (2)
 O - a wand of flame (37)
 Q - a wand of polymorph (25)
 X - a wand of acid (8)
Scrolls
 g - 5 scrolls of amnesia
 m - 2 scrolls of random uselessness {unknown}
 v - 6 scrolls of fear {unknown}
 x - 3 scrolls of fog {unknown}
 D - 3 scrolls of teleportation
 E - a scroll of remove curse
 F - 3 scrolls of magic mapping
 J - 3 scrolls of blinking {unknown}
 K - a scroll of enchant weapon {unknown}
 N - 2 scrolls of acquirement {unknown}
 Y - a scroll of enchant armour {unknown}
Potions
 c - 3 potions of curing
 k - 3 potions of stabbing
 l - 4 potions of mutation
 n - a potion of magic
 w - a potion of lignification
 z - 3 potions of cancellation
 A - a potion of berserk rage
 L - 6 potions of brilliance
 M - a potion of invisibility {unknown}
Comestibles
 b - 22 rations


   Skills:
 - Level 9.0 Fighting
 * Level 12.3 Short Blades
 - Level 9.4 Dodging
 - Level 1.7 Stealth
 - Level 4.0 Shields
 + Level 9.4 Spellcasting
 - Level 4.0 Conjurations
 - Level 4.2 Transmutations
 - Level 3.8 Ice Magic
 - Level 4.0 Air Magic
 - Level 10.2 Poison Magic


You had one spell level left.
You knew the following spells:

 Your Spells              Type           Power        Failure   Level  Hunger
a - Sting                 Tmut/Pois      ####         1%          1    None
b - Poisonous Vapours     Pois/Air       #####.       1%          2    None
c - Olgreb's Toxic Radia  Pois           #####...     1%          4    ###....
d - Ignite Poison         Fire/Tmut/Pois ####....     1%          3    None
e - Mephitic Cloud        Conj/Pois/Air  ####....     1%          3    None
f - Frozen Ramparts       Ice            ###...       1%          3    None
g - Hailstorm             Conj/Ice       ###.....     4%          4    ###....
h - Ensorcelled Hibernat  Hex/Ice        ###...       5%          2    None
i - Stone Arrow           Conj/Erth      ###...       3%          3    None
j - Sticky Flame          Conj/Fire      ###.....     10%         4    ###....

Your spell library contained the following spells:

 Spells                   Type           Power        Failure   Level  Hunger
 Sandblast                Erth           #.....       2%          1    None
 Passwall                 Tmut/Erth      ###.....     4%          2    None
 Confusing Touch          Hex            #.......     24%         3    None
 Gell's Gravitas          Tloc           #.........   24%         3    None
 Yara's Violent Unravell  Hex/Tmut       ###.......   24%         5    #####..
 Petrify                  Tmut/Erth      ###.....     32%         4    ###....
 Lee's Rapid Deconstruct  Erth           #.........   45%         5    #####..
 Silence                  Hex/Air        ###.......   67%         5    #####..
 Metabolic Englaciation   Hex/Ice        ###.......   69%         5    #####..
 Borgnjor's Vile Clutch   Necr/Erth      #.........   91%         5    #####..
 Darkness                 Hex            #.........   100%        6    ######.
 Shadow Creatures         Summ           N/A          100%        6    ######.


Dungeon Overview and Level Annotations

Branches:
Dungeon (10/15)            Temple (1/1) D:4            Lair (5/6) D:10
 Shoals (0/4) Lair:4        Snake (0/4) Lair:2        Slime (0/5) Lair:5
    Orc (0/2) D:10          IceCv (visited)         Gauntlet (1/1)

Altars:
Ashenzari
Cheibriados
Elyvilon
Fedhas
Gozag
Kikubaaqudgha
Makhleb
Nemelex Xobeh
Okawaru
Sif Muna
Trog
Uskayaw
Vehumet
Wu Jian
Xom
Zin

Shops:
D:4 ?%%   D:8 ?   D:10 *

Annotations:
D:5 1 runed translucent door, Tsarbomb's ghost, amateur TeWz
D:7 1 runed translucent door, Cassiopeia's ghost, novice GnSk
D:9 3 runed translucent doors, Morgon's ghost, novice HaSk
Lair:3 1 runed translucent door, Sadonosm's ghost, journeyman DgSk Gauntlet 10 transporters, exclusion: lightning spire


Innate Abilities, Weirdness & Mutations

You can breathe waves of freezing cold.
You can buffet flying creatures when you breathe cold.
Your icy white scales are hard. (AC +8)
You cannot fit into any form of body armour.
Your flesh is cold resistant. (rC+)
You are cold-blooded and may be slowed by cold attacks.


Message History

The minotaur hits you with an uncursed staff of death.
* * * LOW HITPOINT WARNING * * *
You writhe in agony!
* * * LOW HITPOINT WARNING * * *
The minotaur completely misses you.
You feel better.
The minotaur is engulfed in blazing flames.
The minotaur completely misses you. You block the minotaur's attack.
You feel better. You block the minotaur's attack.
The minotaur completely misses you.
You feel better.
The minotaur hits you with an uncursed staff of death!
You writhe in agony.
* * * LOW HITPOINT WARNING * * *
The minotaur gores you!
* * * LOW HITPOINT WARNING * * *
You feel better. You block the minotaur's attack. The minotaur gores you!
* * * LOW HITPOINT WARNING * * *
The minotaur throws a javelin.
The javelin pierces through you!!
You die...

##########.#########.########
#8# #≈...............≈# 8 ###
#8.8.8.8.8.8.8.8.8# #
#≈...............§#
#####.###.###.#####
###.###.###.# #.............#
#.###.###.###.#
#(..@.H(......#
#######'####### #.# ∩.. ...⌠+
+⌠...# #..⌠.# ###+##


You could see a minotaur.

Vanquished Creatures
  A white draconian (IceCv)
  A dire elephant (Lair:4)
  A queen ant (Gauntlet)
  4 death yaks
  2 two-headed ogres
  An unseen horror (D:9)
  A necromancer (Gauntlet)
  4 lindwurms (D:8)
  21 elephants (Lair:4)
  An ice statue (IceCv)
  2 black mambas
  Joseph (D:8)
  A rime drake (Lair:3)
  11 spiny frogs
  7 komodo dragons
  A troll (D:9)
  18 polar bears (IceCv)
  7 blink frogs
  5 hippogriffs
  A spriggan (Lair:4)
  26 yaks
  5 hungry ghosts
  3 soldier ants (Gauntlet)
  A naga (Lair:2)
  2 wargs (D:10)
  2 water moccasins
  2 hell hounds (Gauntlet)
  4 porcupines
  3 ice beasts
  3 orc warriors
  4 sky beasts
  A black bear (D:9)
  3 ogres
  24 wolves
  6 crocodiles
  4 centaurs
  3 big kobolds
  9 bullfrogs
  A water moccasin zombie (D:2)
  A water moccasin skeleton (D:9)
  4 scorpions
  9 killer bees
  3 howler monkeys (D:8)
  An electric eel (Lair:2)
  3 crimson imps
  A centaur zombie (D:5)
  A quasit (D:8)
  2 bullfrog zombies
  7 orc priests
  A bullfrog skeleton (D:9)
  3 hounds
  2 jellies
  2 centaur skeletons
  3 iguanas (D:6)
  13 orc wizards
  9 worker ants
  A killer bee zombie (D:7)
  A hound skeleton (D:5)
  A mummy (D:7)
  2 worker ant zombies
  Robin (D:4)
  10 gnolls
  8 adders
  3 shadow imps
  12 white imps (Lair:3)
  3 oozes
  3 adder zombies
  A worm (D:6)
  2 dart slugs
  8 leopard geckos
  43 orcs
  3 ball pythons
  19 bats
  A bat zombie (D:4)
  7 giant cockroaches
  12 goblins
  12 hobgoblins
  16 jackals
  8 quokkas
  10 frilled lizards
  2 jackal skeletons
  19 kobolds
  A leopard gecko zombie (D:8)
  A quokka skeleton (D:7)
  10 rats
  2 rat zombies (D:4)
  A fungus (Lair:4)
485 creatures vanquished.

Vanquished Creatures (others)
  35 fungi (Lair:4)
  8 plants (Lair:4)
43 creatures vanquished.

Grand Total: 528 creatures vanquished

Notes
Turn   | Place    | Note
-------+----------+-------------------------------------------
     0 | D:1      | selver the Draconian Venom Mage began the quest for the
                  | Orb.
     0 | D:1      | Reached XP level 1. HP: 14/14 MP: 3/3
   261 | D:1      | Reached XP level 2. HP: 15/20 MP: 5/5
   536 | D:1      | Learned a level 2 spell: Poisonous Vapours
  1545 | D:2      | Found a faded altar of an unknown god.
  1559 | D:2      | Reached XP level 3. HP: 25/26 MP: 4/6
  1747 | D:2      | Reached XP level 4. HP: 13/33 MP: 6/8
  2825 | D:2      | Reached skill level 5 in Poison Magic
  2888 | D:3      | Reached XP level 5. HP: 38/38 MP: 9/9
  4171 | D:3      | Reached XP level 6. HP: 42/45 MP: 7/10
  4512 | D:4      | Learned a level 4 spell: Olgreb's Toxic Radiance
  4522 | D:4      | Noticed Robin
  4526 | D:4      | Killed Robin
  4749 | D:4      | Found Zoytwoer's Food Shoppe.
  4864 | D:4      | Found a staircase to the Ecumenical Temple.
  4873 | Temple   | Entered the Ecumenical Temple
  4882 | Temple   | Became a worshipper of Vehumet
  5102 | D:4      | Found Ragin's Food Emporium.
  5106 | D:4      | Bought a ration for 65 gold pieces
  5106 | D:4      | Bought a ration for 65 gold pieces
  5106 | D:4      | Bought a ration for 65 gold pieces
  5260 | D:4      | Found an ancient bone altar of Kikubaaqudgha.
  5416 | D:4      | Found Ebiafutu's Magic Scroll Emporium.
  5662 | D:5      | Entered Level 5 of the Dungeon
  5722 | D:5      | Your scales start taking on an icy white colour.
  5722 | D:5      | Reached XP level 7. HP: 14/50 MP: 3/11
  5722 | D:5      | Gained mutation: Your flesh is cold resistant. (rC+) [White
                  | Draconian growth]
  5945 | D:5      | Found a sparkling altar of Nemelex Xobeh.
  6619 | D:5      | Found a burning altar of Makhleb.
  6778 | D:5      | Found a runed translucent door.
  6787 | D:5      | Noticed Tsarbomb's ghost (amateur TeWz)
  6838 | D:5      | Learned a level 3 spell: Ignite Poison
  6864 | D:5      | Found a shattered altar of Ashenzari.
  7255 | D:5      | Found a blossoming altar of Fedhas.
  7255 | D:5      | Found an iron altar of Okawaru.
  7630 | D:5      | Reached XP level 8. HP: 57/57 MP: 1/13
  7725 | D:5      | Found a shimmering blue altar of Sif Muna.
  7839 | D:5      | HP: 1/57 [orc warrior/+0 scimitar (14)]
  8420 | D:6      | Reached * piety under Vehumet
  8420 | D:6      | Offered knowledge of Shock by Vehumet.
  8425 | D:6      | Learned a level 3 spell: Mephitic Cloud
  8787 | D:6      | Reached skill level 1 in Conjurations
  8787 | D:6      | Reached skill level 1 in Air Magic
  9293 | D:6      | Reached skill level 5 in Spellcasting
  9346 | D:6      | Found a white marble altar of Elyvilon.
  9346 | D:6      | Found a hide-covered altar of Uskayaw.
  9547 | D:6      | Reached XP level 9. HP: 62/62 MP: 6/17
  9858 | D:7      | Offered knowledge of Sandblast by Vehumet.
  9866 | D:7      | Reached ** piety under Vehumet
 10682 | D:7      | Found a snail-covered altar of Cheibriados.
 10813 | D:7      | Found a runed translucent door.
 11180 | D:7      | Noticed Cassiopeia's ghost (novice GnSk)
 11361 | D:8      | Reached skill level 10 in Poison Magic
 11383 | D:8      | Found Qimouxt's Magic Scroll Emporium.
 11398 | D:8      | Bought a scroll of teleportation for 45 gold pieces
 11398 | D:8      | Bought a scroll of magic mapping for 52 gold pieces
 11398 | D:8      | Bought a scroll of identify for 30 gold pieces
 11503 | D:8      | Offered knowledge of Conjure Flame by Vehumet.
 11697 | D:8      | Noticed Joseph
 11852 | D:8      | Killed Joseph
 11852 | D:8      | Reached skill level 1 in Fighting
 11852 | D:8      | Reached skill level 1 in Shields
 11852 | D:8      | Reached XP level 10. HP: 40/71 MP: 3/20
 11856 | D:8      | Reached *** piety under Vehumet
 12104 | D:8      | Noticed a lindwurm
 12117 | D:8      | Noticed a lindwurm
 12120 | D:8      | Killed a lindwurm
 12123 | D:8      | Noticed a lindwurm
 12550 | D:8      | Noticed a lindwurm
 12556 | D:8      | Killed a lindwurm
 12559 | D:8      | Killed a lindwurm
 12568 | D:8      | Killed a lindwurm
 12594 | D:8      | Got a polished arbalest
 12601 | D:8      | Identified the cursed +1 arbalest of Kanuop {elec, +Fly
                  | MP+9} (You found it on level 8 of the Dungeon)
 12977 | D:9      | Noticed a two-headed ogre
 12995 | D:9      | Killed a two-headed ogre
 13446 | D:9      | Offered knowledge of Frozen Ramparts by Vehumet.
 13474 | D:9      | Learned a level 3 spell: Frozen Ramparts
 13491 | D:9      | Reached XP level 11. HP: 71/85 MP: 16/23
 13581 | D:9      | Reached skill level 1 in Ice Magic
 13846 | D:9      | Noticed an unseen horror
 13851 | D:9      | Killed an unseen horror
 14089 | D:9      | Found a shattered altar of Ashenzari.
 14166 | D:9      | Found a runed translucent gate.
 14166 | D:9      | Found a runed translucent gate.
 14180 | D:9      | Found a runed translucent gate.
 14189 | D:9      | Noticed Morgon's ghost (novice HaSk)
 14342 | D:10     | Entered Level 10 of the Dungeon
 14349 | D:10     | Found Zuddoqo's General Store.
 14359 | D:10     | Bought 2 potions of brilliance for 112 gold pieces
 14386 | D:10     | Reached **** piety under Vehumet
 14395 | D:10     | Offered knowledge of Inner Flame by Vehumet.
 14618 | D:10     | Reached skill level 5 in Fighting
 14687 | D:10     | Found a staircase to the Lair.
 14955 | D:10     | Found a staircase to the Orcish Mines.
 14980 | D:10     | Noticed a two-headed ogre
 14990 | D:10     | Killed a two-headed ogre
 14990 | D:10     | Reached skill level 1 in Short Blades
 15266 | D:10     | Reached skill level 5 in Dodging
 15361 | Lair:1   | Entered Level 1 of the Lair of Beasts
 15736 | Lair:1   | Reached skill level 2 in Short Blades
 15991 | Lair:1   | Reached ***** piety under Vehumet
 15991 | Lair:1   | Reached skill level 3 in Short Blades
 16712 | Lair:1   | Offered knowledge of Hailstorm by Vehumet.
 16719 | Lair:1   | Learned a level 4 spell: Hailstorm
 16821 | Lair:2   | Found a staircase to the Snake Pit.
 17196 | Lair:2   | Reached skill level 4 in Short Blades
 17778 | Lair:2   | Reached XP level 12. HP: 88/103 MP: 17/24
 18099 | Lair:3   | Found a frozen archway.
 18161 | IceCv    | Entered an ice cave
 18465 | IceCv    | Reached skill level 5 in Short Blades
 18824 | IceCv    | Reached skill level 6 in Short Blades
 19228 | IceCv    | Reached skill level 7 in Short Blades
 19445 | IceCv    | Noticed a death yak
 19668 | IceCv    | Killed a death yak
 19668 | IceCv    | Reached skill level 8 in Short Blades
 19800 | IceCv    | Noticed a white draconian
 20112 | IceCv    | Killed a white draconian
 20112 | IceCv    | Reached skill level 9 in Short Blades
 20218 | IceCv    | Learned a level 2 spell: Ensorcelled Hibernation
 20522 | Lair:3   | Reached XP level 13. HP: 111/111 MP: 9/25
 20725 | Lair:3   | Found a runed translucent door.
 20728 | Lair:3   | Found a shimmering altar of Xom.
 20728 | Lair:3   | Noticed Sadonosm's ghost (journeyman DgSk)
 21296 | Lair:4   | Found a staircase to the Shoals.
 21431 | Lair:4   | Reached skill level 10 in Short Blades
 21464 | Lair:4   | Learned a level 3 spell: Stone Arrow
 22002 | Lair:4   | Noticed a dire elephant
 22021 | Lair:4   | Reached skill level 11 in Short Blades
 22257 | Lair:4   | Killed a dire elephant
 22856 | Lair:5   | Found a gate leading to a gauntlet.
 22863 | Lair:5   | Offered knowledge of Sticky Flame by Vehumet.
 22904 | Gauntlet | Entered a Gauntlet
 22904 | Gauntlet | Found a transporter.
 22904 | Gauntlet | Found a transporter.
 23063 | Gauntlet | Found a transporter.
 23076 | Gauntlet | Found a transporter.
 23090 | Gauntlet | Noticed a reaper
 23091 | Gauntlet | Found a transporter.
 23104 | Gauntlet | Found a transporter.
 23107 | Gauntlet | Found a transporter.
 23147 | Gauntlet | Learned a level 4 spell: Sticky Flame
 23188 | Gauntlet | Found a transporter.
 23188 | Gauntlet | Found a transporter.
 23205 | Gauntlet | Found a transporter.
 23278 | Gauntlet | Found a transporter.
 23428 | Gauntlet | Reached skill level 12 in Short Blades
 23441 | Gauntlet | Found a transporter.
 23705 | Gauntlet | Found a transporter.
 23707 | Gauntlet | Found a transporter.
 23717 | Gauntlet | Noticed a balrug
 23721 | Gauntlet | Found a transporter.
 23735 | Gauntlet | Found a transporter.
 23736 | Gauntlet | Found the +3 giant club "Skullcrusher" {speed, Str+7}
 24135 | Gauntlet | Noticed a minotaur
 24152 | Gauntlet | Hit by a javelin thrown by a minotaur

Illustrated notes

Levels and vault maps discovered:
D:1:      psy_arrival_radial02, layout_basic
D:2:      layout_basic, chequers_ecumenical_altar_simple_redux,
          minmay_increasing_density
D:3:      layout_loops_ring
D:4:      layout_loops_ring, lemuel_zombie_altar_kikubaaqudgha,
          minmay_temple_entry_trees, first_ration, serial_shops, shop_statue,
          nicolae_shop_temple_entry_statues_fountains, shop, uniq_robin
D:5:      layout_loops_corners, nemelex_xobeh_ov_fountains_minmay,
          gammafunk_temple_overflow_pools, ebering_ghost_sewer_d,
          hangedman_feature_mirror, tgw_sif
D:6:      layout_basic, chequers_temple_overflow_statue_of_worship,
          kennysheep_donut, minmay_lizard_king
D:7:      cheibrodos_iron_armory, layout_rooms, slow_altar_1,
          nicolae_overflow_hidden_temple, ebering_ghost_reflecting_pool
D:8:      layout_cave_pools, serial_shops, shop, blue_anna_alchemist
          [blue_anna_fruit_fields, blue_anna_fruit_fields],
          minmay_lindwurm_lava, uniq_joseph
D:9:      layout_roguey, overflow_temple_1_default, gammafunk_ghost_spectres
D:10:     layout_roguey, erik_lair_orcish_takeover, orc_0_dummy, serial_shops,
          shop
Temple:   dshaligram_water_room_temple
Lair:1:   layout_chaotic_city, eino_small_chamber_without_monster
Lair:2:   layout_small_grid, guppyfry_snake_entry_island, serial_bayou_shore_a
Lair:3:   layout_roguey, ebering_ghost_xom, portal_ice_cave_entry_imps,
          infiniplex_staircase_pool_2
Lair:4:   mu_elephants_graveyard, layout_big_grid, elwin_shoals_entry_rocks
Lair:5:   layout_gridlike, minmay_slime_entry_pillars, gauntlet_entry_generic,
          serial_bayou_shore_b, grunt_megastairs_3, uniq_rupert
Gauntlet: gammafunk_gauntlet_branching [gammafunk_gauntlet_arena_chambers,
          nicolae_gauntlet_arena_blocks, nicolae_gauntlet_arena_quarters,
          nicolae_gauntlet_arena_grate_2, gammafunk_gauntlet_arena_spirals,
          gammafunk_gauntlet_arena_grid, nicolae_gauntlet_arena_x,
          gammafunk_gauntlet_arena_split_diamond, gauntlet_exit_hidden_loot]

Skill      XL: |  1  2  3  4  5  6  7  8  9 10 11 12 13 |
---------------+----------------------------------------+-----
Poison Magic   | 4 5 6 7 9 10 | 10.2
Spellcasting   | 3 5 7 8 9 |  9.4
Transmutations | 2 4 |  4.2
Conjurations   | 2 4 |  4.0
Air Magic      | 2 4 |  4.0
Fighting       | 1 4 8 9 |  9.0
Dodging        | 2 4 6 8 9 |  9.4
Shields        | 1 4 |  4.0
Ice Magic      | 3 |  3.8
Short Blades   | 4 9 12 | 12.3
Stealth        | |  1.7

Action                   |  1- 3 |  4- 6 |  7- 9 | 10-12 | 13-15 || total
-------------------------+-------+-------+-------+-------+-------++-------
Melee: Dagger            |    76 |   182 |   451 |    22 |       ||   731
       Mace              |    13 |       |       |       |       ||    13
       Tailslap          |     6 |    14 |    66 |    56 |    37 ||   179
       Rapier            |       |       |       |   260 |   189 ||   449
       Short sword       |       |       |       |   138 |       ||   138
 Cast: Sting             |     8 |    33 |    28 |    32 |     4 ||   105
       Poisonous Vapours |     3 |    38 |   105 |   166 |    42 ||   354
       Olgreb's Toxic Ra |       |     1 |     2 |    12 |    12 ||    27
       Ignite Poison     |       |       |    12 |    62 |    32 ||   106
       Mephitic Cloud    |       |       |     4 |    25 |     8 ||    37
       Frozen Ramparts   |       |       |       |    16 |     5 ||    21
       Hailstorm         |       |       |       |     6 |     3 ||     9
       Stone Arrow       |       |       |       |       |     7 ||     7
       Ensorcelled Hiber |       |       |       |       |     1 ||     1
 Abil: Breathe Frost     |       |       |     1 |     4 |     1 ||     6
Evoke: Wand              |       |       |     6 |     1 |       ||     7
  Use: Scroll            |     3 |     5 |     5 |     3 |     4 ||    20
       Potion            |       |       |     5 |     9 |     9 ||    23
 Stab: Sleeping          |     2 |    15 |     1 |     5 |       ||    23
       Confused          |       |       |     2 |     1 |     3 ||     6
  Eat: Chunk             |     2 |    12 |    14 |    15 |     5 ||    48
       Ration            |       |     1 |     5 |     5 |     3 ||    14
Armor: Skin              |    25 |    98 |   133 |   134 |    31 ||   421
Dodge: Dodged            |    64 |   162 |   251 |   255 |    87 ||   819
Block: Other             |       |       |    80 |    29 |       ||   109
       Reflection        |       |       |     3 |     4 |       ||     7
       Buckler           |       |       |       |   167 |    75 ||   242
